 Dungeon Crawl Stone Soup version 0.31.0-12-g77e489cdc1 (webtiles) character file.

Game seed: 6821252270723916112

3631 Doot the Thaumaturge (level 10, 0/67 HPs)
             Began as a Djinni Necromancer on Mar 1, 2024.
             Was a Follower of Ru.
             Slain by a wolf (3 damage)
             ... led by Grum
             ... on level 8 of the Dungeon.
             The game lasted 00:12:23 (6850 turns).

Doot the Thaumaturge (Djinni Necromancer)           Turns: 6850, Time: 00:12:24

Health: 0/67       AC: 10    Str:  6    XL:     10   Next: 33%
Gold:   476        EV: 11    Int: 23    God:    Ru [*.....] SH:  0 Dex: 15

rFire   + + .        o - +9 war axe "Zuarapni" {freeze, Str-3 Int+5}
rCold   x . .        (no shield)
rNeg    . . .        B - +4 ring mail {Will+}
rPois   ∞            (no helmet)
rElec   .            t - +0 cloak
rCorr   .            (no gloves)
SInv    .            (boots unavailable)
Will    ++...        (no amulet) Stlth
                     (no ring)
HPRegen 0.31/turn    (no ring)
MPRegen 0.00/turn

%: infuse magic (-1 HP)
@: flying, very slightly contaminated
A: sickness immunity, fire resistance 2, cold vulnerability 1, no stealth,
float, innate caster, HP casting, extra vitality 1, no forms
a: Renounce Religion


You were on level 8 of the Dungeon.
You worshipped Ru.
Ru was aware of your devotion.
You visited 1 branch of the dungeon, and saw 8 of its levels.

You collected 476 gold pieces.

Inventory:

Hand Weapons
 d - a +0 mace
 i - a +0 dagger of venom
 m - a +0 dagger of speed
 o - the +9 war axe "Zuarapni" (weapon) {freeze, Str-3 Int+5}
   (You found it on level 4 of the Dungeon)

   Str-3:     It affects your strength (-3).
   Int+5:     It affects your intelligence (+5).
Missiles
 u - a throwing net
Armour
 a - a +0 robe
 t - a +0 cloak (worn)
 B - a +4 ring mail of willpower (worn)
 D - +0 steam dragon scales
 E - the +3 leather armour of Duty {Will+ Str+3}
   (You found it on level 8 of the Dungeon)

   Str+3:     It affects your strength (+3).
   Will+:     It increases your willpower.
Jewellery
 s - a +6 ring of dexterity
 y - a +6 ring of strength
Wands
 l - a wand of flame (37)
 A - a wand of paralysis (8)
Scrolls
 b - a scroll of amnesia {unknown}
 e - 4 scrolls of fear {unknown}
 g - 8 scrolls of identify {unknown}
 j - 2 scrolls of butterflies {unknown}
 k - a scroll of noise {unknown}
 r - 3 scrolls of poison {unknown}
 v - 3 scrolls of vulnerability {unknown}
 x - a scroll of teleportation {unknown}
 C - a scroll of enchant weapon {unknown}
Potions
 c - a potion of magic {unknown}
 f - 4 potions of attraction {unknown}
 h - 4 potions of curing {unknown}
 n - 2 potions of lignification {unknown}
 p - a potion of ambrosia {unknown}
 q - 2 potions of enlightenment {unknown}
 w - a potion of mutation {unknown}
 z - a potion of berserk rage {unknown}


   Skills:
 + Level 3.1 Fighting
 + Level 3.4 Axes
 + Level 2.1 Armour
 + Level 5.1 Dodging
 * Level 9.2 Spellcasting
 * Level 9.2 Conjurations
 * Level 9.2 Hexes
 * Level 9.2 Summonings
 * Level 9.2 Necromancy
 * Level 9.2 Translocations
 * Level 9.2 Fire Magic
 * Level 9.2 Ice Magic
 * Level 9.2 Air Magic
 * Level 9.2 Earth Magic
 * Level 9.2 Alchemy
 * Level 4.1 Evocations


You knew the following spells:

 Your Spells              Type           Power      Damage    Failure   Level
a - Necrotise             Necr           100%       1d9       1%          1
b - Vampiric Draining     Necr           52%        2d9       1%          3
c - Animate Dead          Necr           52%        N/A       5%          4
d - Curse of Agony        Necr           52%        N/A       14%         5
e - Foxfire               Conj/Fire      100%       2x1d9     1%          1
f - Static Discharge      Conj/Air       100%       3-8/arc   1%          2
g - Confusing Touch       Hex            52%        N/A       1%          3
h - Dazzling Flash        Conj/Hex       100%       N/A       1%          3
Your spell library was empty.

Dungeon Overview and Level Annotations

Branches:
Dungeon (8/15)             Temple (0/1) D:6
   Lair: D:8-11

Altars:
Elyvilon
Gozag
Okawaru
Qazlal
Ru
Uskayaw

Shops:
D:4 :

Annotations:
D:6 2 transporters
D:8 3 transporters, Jeremiah


Innate Abilities, Weirdness & Mutations

You are immune to sickness and miasma.
You are immune to poison.
Your flesh is very heat resistant. (rF++)
You are vulnerable to cold. (rC-)
You cannot be stealthy.
You float through the air rather than walking.
You learn spells naturally, not from books.
Your magical power is your life essence.
You have superior vitality. (+4 MHP)
You cannot voluntarily change form.


Message History

You draw life force from Grum!
You feel life coursing into your body. The wolf barely misses you.
The wolf misses you. Grum hits you with a +1 spear!
* * * LOW HITPOINT WARNING * * *
The wolf barely misses you. The wolf bites you but does no damage.
Unknown command.
Casting: Vampiric Draining (safe; 1% risk of failure)
Confirm with . or Enter, or press ? or * to list all spells.
Aiming: Vampiric Draining (safe; 1% risk of failure)
Press: ? - help, Shift-Dir - straight line, f - wolf, p - Grum
Aim: a wolf (moderately wounded)
You miscast Vampiric Draining.
You are very lightly contaminated with residual magic.
Nothing appears to happen.
* * * LOW HITPOINT WARNING * * *
The wolf barely misses you. The wolf closely misses you.
Grum hits you with a +1 spear!
* * * LOW HITPOINT WARNING * * *
Casting: Vampiric Draining (safe; 1% risk of failure)
Confirm with . or Enter, or press ? or * to list all spells.
Aiming: Vampiric Draining (safe; 1% risk of failure)
Press: ? - help, Shift-Dir - straight line, f - Grum, p - wolf
Aim: Grum, wielding a +1 spear and wearing a +0 animal skin (severely wounded)
You draw life force from Grum!
You kill Grum!
You feel life coursing into your body.
* * * LOW HITPOINT WARNING * * *
The wolf closely misses you. x3; The wolf bites you but does no damage.
Unknown command.
Unknown command.
Casting: Vampiric Draining (safe; 1% risk of failure)
Confirm with . or Enter, or press ? or * to list all spells.
Aiming: Vampiric Draining (safe; 1% risk of failure)
Press: ? - help, Shift-Dir - straight line, f - wolf
Aim: a wolf (moderately wounded)
You draw life force from the wolf!
You feel life coursing into your body.
* * * LOW HITPOINT WARNING * * *
The wolf bites you!
* * * LOW HITPOINT WARNING * * *
The wolf bites you but does no damage. x2; The wolf bites you.
You die...

....# #.# #.######## ....# #.#
#........#.
....###########.#####.#..#####.#.
......................#..........
.........######.#######..(####.#.
.........######.#######.....<#.#.
#........##.#.#.#.#......####≈≈.P
'..............)...)...>..# #≈~P.
#........##....h@.#....#### #..P♣
#.............>h..).##.# #..♣♣
####......#.......#+##.# #♣.♣P
##................... ####♣...
##...##.......#.....##...♣.♣.
#...#..............##.#...♣♣
######.#.#.#.#<....##.#..P.♣
#######.......##.#.~~P. ##
###'#......#.~~.P


You could see 2 wolves.

Vanquished Creatures
  Maurice (D:7)
  Joseph (D:7)
  Prince Ribbit (D:8)
  Grinder (D:4)
  2 steam dragons (D:8)
  Grum (D:8)
  Menkaure (D:4)
  Edmund (D:4)
  An orc warrior (D:7)
  A black bear (D:8)
  2 ogres
  2 ice beasts (D:7)
  A wolf (D:8)
  A kobold brigand (D:8)
  A bullfrog (D:7)
  3 scorpions
  A wight (D:8)
  2 howler monkeys
  5 bombardier beetles
  3 jellies
  5 hounds
  Crazy Yiuf (D:4)
  Ijyb (D:5)
  3 iguanas
  3 orc wizards (D:7)
  3 gnolls (D:3)
  8 adders
  A shadow imp (D:6)
  4 ufetubi
  2 ribbon worms
  7 orcs
  8 endoplasms
  6 giant cockroaches
  5 hobgoblins
  3 jackals (D:3)
  15 kobolds
  4 quokkas
  7 ball pythons
  4 bats
  4 frilled lizards
  2 goblins
  3 rats
131 creatures vanquished.

Vanquished Creatures (collateral kills)
  A scorpion (D:6)
  An adder (D:2)
  An orc (D:4)
  A giant cockroach (D:1)
4 creatures vanquished.

Vanquished Creatures (others)
  An orc zombie (D:7)
  140 foxfires
141 creatures vanquished.

Grand Total: 276 creatures vanquished

Notes
Turn   | Place    | Note
-------+----------+-------------------------------------------
     0 | D:1      | Doot the Djinni Necromancer began the quest for the Orb.
     0 | D:1      | Doot set off with the following spells memorised:
                  | Necrotise, Vampiric Draining, Animate Dead, Curse of Agony.
     0 | D:1      | Reached XP level 1. HP: 15/15 MP: 0/0
    97 | D:1      | Reached XP level 2. HP: 19/21 MP: 0/0
   406 | D:1      | Reached XP level 3. HP: 21/25 MP: 0/0
   406 | D:1      | Learned a level 1 spell: Foxfire
   821 | D:2      | Reached XP level 4. HP: 30/31 MP: 0/0
   840 | D:2      | Found a faded altar of an unknown god.
   891 | D:2      | Prayed at the altar of an unknown god.
   891 | D:2      | Became a worshipper of Ru the Awakened
   904 | D:2      | Gained mutation: You cannot voluntarily change form. [Ru
                  | sacrifice]
   982 | D:2      | You are sucked into a shaft and drop 1 floor!
  1221 | D:3      | Reached XP level 5. HP: 34/35 MP: 0/0
  1221 | D:3      | Learned a level 2 spell: Static Discharge
  1711 | D:4      | Reached skill level 5 in Spellcasting
  1711 | D:4      | Reached skill level 5 in Conjurations
  1711 | D:4      | Reached skill level 5 in Hexes
  1711 | D:4      | Reached skill level 5 in Summonings
  1711 | D:4      | Reached skill level 5 in Necromancy
  1711 | D:4      | Reached skill level 5 in Translocations
  1711 | D:4      | Reached skill level 5 in Fire Magic
  1711 | D:4      | Reached skill level 5 in Ice Magic
  1711 | D:4      | Reached skill level 5 in Air Magic
  1711 | D:4      | Reached skill level 5 in Earth Magic
  1711 | D:4      | Reached skill level 5 in Alchemy
  1711 | D:4      | Reached XP level 6. HP: 22/40 MP: 0/0
  1906 | D:4      | Identified the +9 war axe "Zuarapni" {freeze, Str-3 Int+5}
  2117 | D:4      | Noticed Grinder
  2123 | D:4      | Killed Grinder
  2124 | D:4      | Reached XP level 7. HP: 42/46 MP: 0/0
  2124 | D:4      | Learned a level 3 spell: Confusing Touch
  2229 | D:4      | Noticed Menkaure
  2233 | D:4      | Killed Menkaure
  2234 | D:4      | Reached skill level 1 in Fighting
  2392 | D:4      | Reached XP level 8. HP: 48/52 MP: 0/0
  2558 | D:4      | Found Uphoasu Qeso's Book Emporium.
  2563 | D:4      | Noticed Edmund
  2575 | D:4      | Killed Edmund
  2714 | D:4      | Found a runed translucent door.
  2715 | D:4      | Noticed Crazy Yiuf
  2993 | D:4      | Killed Crazy Yiuf
  3159 | D:4      | Identified the +6 hammer "Q" {venom, rCorr}
  3207 | D:5      | Entered Level 5 of the Dungeon
  3637 | D:5      | Noticed Ijyb
  3818 | D:5      | Killed Ijyb
  4073 | D:5      | Gained mutation: You cannot be stealthy. [Ru sacrifice]
  4073 | D:5      | Reached * piety under Ru
  4210 | D:6      | Reached XP level 9. HP: 55/58 MP: 0/0
  4210 | D:6      | Learned a level 3 spell: Dazzling Flash
  4257 | D:6      | Found a transporter.
  4282 | D:6      | Found a staircase to the Ecumenical Temple.
  4367 | D:6      | Found a stormy altar of Qazlal.
  4385 | D:6      | Found an opulent altar of Gozag.
  4737 | D:6      | Found a transporter.
  5010 | D:7      | Noticed Maurice
  5011 | D:7      | Paralysed by Maurice for 2 turns
  5020 | D:7      | Killed Maurice
  5021 | D:7      | Reached skill level 1 in Axes
  5206 | D:7      | Reached skill level 1 in Evocations
  5362 | D:7      | Noticed Joseph
  5375 | D:7      | Killed Joseph
  5752 | D:7      | Found a hide-covered altar of Uskayaw.
  6216 | D:8      | Reached XP level 10. HP: 66/66 MP: 0/0
  6253 | D:8      | Reached skill level 5 in Dodging
  6300 | D:8      | Found a transporter.
  6309 | D:8      | Reached skill level 1 in Armour
  6323 | D:8      | Found a transporter.
  6325 | D:8      | Found a transporter.
  6379 | D:8      | Noticed Jeremiah
  6416 | D:8      | Found an iron altar of Okawaru.
  6447 | D:8      | Noticed Prince Ribbit
  6458 | D:8      | Killed Prince Ribbit
  6515 | D:8      | Identified the +3 leather armour of Duty {Will+ Str+3}
  6519 | D:8      | Found a white marble altar of Elyvilon.
  6830 | D:8      | Noticed Grum
  6849 | D:8      | Killed Grum
  6850 | D:8      | HP: 3/67 [wolf[Grum] (8)]
  6850 | D:8      | Slain by a wolf

Illustrated notes

Levels and vault maps discovered:
D:1:      tekkud_arrival_beachfront_property, layout_basic
D:2:      layout_rooms, nicolae_ecumenical_lake_church
D:3:      layout_rooms, vehumet_altar_wand_db
D:4:      layout_basic, serial_shops, shop, kennysheep_generic_room_8,
          uniq_crazy_yiuf_cottage, uniq_grinder, uniq_edmund, uniq_menkaure
D:5:      layout_basic, uniq_ijyb
D:6:      gammafunk_steamed_eel, layout_basic, nicolae_qazlal_style_of_elements,
          mainiacjoe_overflow_tiny_flanked, temple_green, nicolae_eternal_life
D:7:      layout_basic, mainiacjoe_overflow_cross_hatched, grunt_decor_junction,
          uniq_joseph, uniq_maurice
D:8:      layout_basic, mainiacjoe_overflow_boulevard, lemuel_round_altar,
          nicolae_elyvilon_peaceful_grove, st_stairs_4,
          nicolae_transporter_circle, uniq_grum, uniq_prince_ribbit1,
          uniq_jeremiah

Skill      XL: |  1  2  3  4  5  6  7  8  9 10 |
---------------+-------------------------------+-----
Spellcasting   | 4 5 6 8 9 |  9.2
Conjurations   | 4 5 6 8 9 |  9.2
Hexes          | 4 5 6 8 9 |  9.2
Summonings     | 4 5 6 8 9 |  9.2
Necromancy     | 4 5 6 8 9 |  9.2
Translocations | 4 5 6 8 9 |  9.2
Fire Magic     | 4 5 6 8 9 |  9.2
Ice Magic      | 4 5 6 8 9 |  9.2
Air Magic      | 4 5 6 8 9 |  9.2
Earth Magic    | 4 5 6 8 9 |  9.2
Alchemy        | 4 5 6 8 9 |  9.2
Stealth        | 2 0 |  0.0
Dodging        | 3 4 5 |  5.1
Fighting       | 1 2 3 |  3.1
Axes           | 2 3 |  3.4
Evocations     | 2 4 |  4.1
Armour         | 2 |  2.1

Action                     |  1- 3 |  4- 6 |  7- 9 | 10-12 || total
---------------------------+-------+-------+-------+-------++-------
  Melee: War axe           |       |       |    36 |    38 ||    74
         Punch             |       |       |       |     1 ||     1
   Cast: Necrotise         |    54 |    70 |    43 |       ||   167
         Foxfire           |       |    22 |    50 |     4 ||    76
         Static Discharge  |       |     2 |    10 |     2 ||    14
         Vampiric Draining |       |       |    16 |     4 ||    20
         Confusing Touch   |       |       |     3 |     1 ||     4
         Curse of Agony    |       |       |     2 |     1 ||     3
         Dazzling Flash    |       |       |     3 |     1 ||     4
         Animate Dead      |       |       |     1 |       ||     1
 Invoke: Sacrifice Forms   |       |     1 |       |       ||     1
         Sacrifice Stealth |       |       |     1 |       ||     1
         Reject Sacrifices |       |       |       |     1 ||     1
   Stab: Invisible         |       |       |     1 |       ||     1
 Armour: Robe              |     3 |    16 |    79 |       ||    98
         Ring mail         |       |       |    13 |    63 ||    76
  Dodge: Dodged            |     6 |    18 |    84 |    46 ||   154
